 Dungeon Crawl Stone Soup version 0.28-a0-563-gf77a47075d (webtiles) character file.

Game seed: 11334641953237722502

238923 mandarbmax the Severer (level 20, -12/164 HPs)
             Began as a Formicid Fighter on Sept 29, 2021.
             Was the Champion of Qazlal.
             Killed from afar by a tengu reaver (41 damage)
             ... with a bolt of acid
             ... led by Sojobo
             ... on level 1 of the Depths on Oct 3, 2021.
             The game lasted 02:08:37 (38336 turns).

mandarbmax the Severer (Formicid Fighter)          Turns: 38336, Time: 02:08:38

Health: -12/164    AC: 23    Str: 31    XL:     20   Next: 5%
Magic:  32/32      EV: 12    Int: 13    God:    Qazlal [******]
Gold:   1057       SH: 38    Dex: 19    Spells: 19/19 levels left

rFire   . . .      SeeInvis +   M - +8 battleaxe (vorpal)
rCold   + . .      Faith    .   g - +4 tower shield {reflect}
rNeg    + . .      Spirit   .   R - +7 plate armour "Dagrauf" {Int+3}
rPois   +          Reflect  +   (helmet unavailable)
rElec   +          Harm     .   Y - +0 cloak
rCorr   .          Rampage  .   N - +1 pair of gloves {archery}
Will    +....                   S - +0 pair of boots
Stlth   ..........              W - amulet of reflection
HPRegen 0.37/turn               f - ring of Lituid {rPois rC+ rN+ Will- Dex+6}
MPRegen 0.23/turn               u - ring of Ydekeux {rElec Str+6 SInv}

@: protected from physical damage, corroded, repel missiles
A: permanent stasis, dig shafts and tunnels, antennae 3, four strong arms,
deformed body
}: 2/15 runes: barnacled, gossamer
a: Dig, Shaft Self, Renounce Religion, Upheaval, Elemental Force, Disaster Area


You were on level 1 of the Depths.
You worshipped Qazlal.
Qazlal was exalted by your worship.
You visited 7 branches of the dungeon, and saw 34 of its levels.
You visited the Abyss 1 time.
You also visited: Trove and Bailey.

You collected 2955 gold pieces.
You spent 1898 gold pieces at shops.

Inventory:

Hand Weapons
 M - a +8 vorpal battleaxe (weapon)
 O - a +3 broad axe of flaming
Missiles
 b - 10 silver javelins
 i - 137 boomerangs
 r - 100 poisoned darts (quivered)
 z - 5 curare-tipped darts
 K - 14 javelins
 U - 2 throwing nets
 X - 5 atropa-tipped darts
 Z - 3 silver boomerangs
Armour
 g - a +4 tower shield of reflection (worn)
 j - +0 ice dragon scales
 N - a +1 pair of gloves of archery (worn)
 R - the +7 plate armour "Dagrauf" (worn) {Int+3}
   (You took it off a merfolk on level 1 of the Shoals)

   Int:       It affects your intelligence (+3).
 S - a +0 pair of boots (worn)
 Y - a +0 cloak (worn)
Jewellery
 f - the ring of Lituid (left hand) {rPois rC+ rN+ Will- Dex+6}
   (You acquired it on level 5 of the Dungeon)

   [ring of dexterity]

   Dex:       It affects your dexterity (+6).
   rC:        It protects you from cold.
   rPois:     It protects you from poison.
   rN:        It protects you from negative energy.
   Will:      It decreases your willpower.
 u - the ring of Ydekeux (right hand) {rElec Str+6 SInv}
   (You took it off a merfolk on level 1 of the Shoals)

   [ring of strength]

   Str:       It affects your strength (+6).
   rElec:     It insulates you from electricity.
   SInv:      It lets you see invisible.
 A - a ring of willpower
 W - an amulet of reflection (around neck)
Wands
 p - a wand of mindburst (22)
 s - a wand of digging (11)
 v - a wand of polymorph (39)
 y - a wand of flame (138)
 E - a wand of acid (25)
 V - a wand of paralysis (25)
Scrolls
 c - a scroll of magic mapping
 k - 2 scrolls of torment
 m - 7 scrolls of amnesia
 q - 8 scrolls of fear
 t - 10 scrolls of immolation
 C - a scroll of brand weapon
 F - a scroll of holy word
 G - 2 scrolls of fog
 H - 3 scrolls of silence
 P - 7 scrolls of enchant weapon
Potions
 d - 9 potions of brilliance
 e - 4 potions of curing
 h - 3 potions of flight
 n - 3 potions of cancellation
 w - 5 potions of mutation
 x - 4 potions of magic
 B - a potion of heal wounds
 D - a potion of resistance
 L - 2 potions of attraction
Miscellaneous
 a - a lightning rod (4/4)
 l - a condenser vane
 J - a box of beasts
 Q - a box of beasts
 T - a tin of tremorstones (2/2)


   Skills:
 - Level 16.0 Fighting
 - Level 18.0 Axes
 - Level 15.0 Armour
 - Level 6.0 Dodging
 + Level 17.1 Shields
 + Level 17.0 Invocations
 - Level 10.0 Evocations


You had 19 spell levels left.
You didn't know any spells.
Your spell library contained the following spells:

 Spells                   Type           Power      Damage    Failure   Level
 Beastly Appendage        Tmut           0%         N/A       85%         1
 Foxfire                  Conj/Fire      0%         2x1d4     85%         1
 Magic Dart               Conj           0%         1d3       85%         1
 Summon Small Mammal      Summ           0%         N/A       85%         1
 Call Imp                 Summ           0%         N/A       94%         2
 Corpse Rot               Necr/Air       N/A        N/A       94%         2
 Passwall                 Tmut/Erth      0%         N/A       94%         2
 Poisonous Vapours        Pois/Air       0%         N/A       94%         2
 Scorch                   Fire           0%         2d5       94%         2
 Slow                     Hex            0%         N/A       94%         2
 Sublimation of Blood     Necr           0%         N/A       94%         2
 Wereblood                Tmut           0%         N/A       94%         2
 Call Canine Familiar     Summ           0%         N/A       99%         3
 Confusing Touch          Hex            0%         N/A       99%         3
 Conjure Flame            Conj/Fire      0%         6-21      99%         3
 Dazzling Flash           Conj/Hex       0%         N/A       99%         3
 Ignite Poison            Fire/Tmut/Pois 0%         N/A       99%         3
 Inner Flame              Hex/Fire       0%         N/A       99%         3
 Summon Guardian Golem    Hex/Summ       0%         N/A       99%         3
 Tukima's Dance           Hex            0%         N/A       99%         3
 Vampiric Draining        Necr           0%         2d6       99%         3
 Cause Fear               Hex            0%         N/A       100%        4
 Hailstorm                Conj/Ice       0%         3d3       100%        4
 Ice Form                 Ice/Tmut       0%         N/A       100%        4
 Iskenderun's Mystic Bla  Conj/Tloc      0%         2d3       100%        4
 Olgreb's Toxic Radiance  Pois           0%         N/A       100%        4
 Passage of Golubria      Tloc           N/A        N/A       100%        4
 Sticky Flame             Conj/Fire      0%         2d3       100%        4
 Alistair's Intoxication  Tmut/Pois      0%         N/A       100%        5
 Blade Hands              Tmut           0%         N/A       100%        5
 Borgnjor's Vile Clutch   Necr/Erth      0%         N/A       100%        5
 Summon Forest            Summ/Tloc      0%         N/A       100%        5
 Yara's Violent Unravell  Hex/Tmut       0%         3d3       100%        5
 Eringya's Noxious Bog    Tmut/Pois      0%         N/A       100%        6
 Simulacrum               Ice/Necr       0%         N/A       100%        6
 Starburst                Conj/Fire      0%         6d3       100%        6
 Orb of Destruction       Conj           0%         N/A       100%        7
 Ozocubu's Refrigeration  Ice            0%         4d5       100%        7
 Storm Form               Tmut/Air       0%         N/A       100%        7
 Summon Hydra             Summ           0%         N/A       100%        7
 Discord                  Hex            0%         N/A       100%        8
 Ignition                 Fire           0%         3d3       100%        8
 Chain Lightning          Conj/Air       0%         N/A       100%        9


Dungeon Overview and Level Annotations

Branches:
Dungeon (15/15)            Temple (1/1) D:7            Lair (6/6) D:11
 Shoals (4/4) Lair:2       Spider (4/4) Lair:4        Slime (0/5) Lair:6
    Orc (2/2) D:11            Elf (0/3) Orc:2        Vaults (0/5) D:13
 Depths (2/4) D:15         Bailey (visited)

Altars:
Ashenzari
Cheibriados
Dithmenos
Elyvilon
Fedhas
Gozag
Hepliaklqana
Kikubaaqudgha
Makhleb
Nemelex Xobeh
Okawaru
Qazlal
Ru
Sif Muna
Trog
Uskayaw
Vehumet
Wu Jian
Xom
Yredelemnul
Zin
The Shining One
Beogh
Jiyva
Lugonu

Shops:
D:5 *   D:13 *   D:15 ?[=*!   Orc:2 (((([*   Shoals:1 *

Portals:
Hell: Depths:2
Abyss: Lair:6

Annotations:
D:9 1 transporter
Orc:2 3 runed translucent doors, exclusion: obsidian statue, gregwegmann's ghost, journeyman MiFi
Depths:1 Sojobo


Innate Abilities, Weirdness & Mutations

You cannot be hasted, slowed, berserked, paralysed or teleported.
You can dig through walls and to a lower floor.
You have a pair of large antennae on your head. (SInv)
Your four strong arms can wield two-handed weapons with a shield.
Armour fits poorly on your strangely shaped body.


Message History

You slash the tengu reaver!
The tengu reaver is moderately wounded.
You block the tengu reaver's attack. x3
You hit the tengu reaver.
The tengu reaver is moderately wounded.
You hit the tengu reaver but do no damage.
The tengu reaver is moderately wounded.
You block the tengu reaver's attack. The tengu reaver pecks you.
Your resistance to cold fades away.
You feel protected from physical attacks.
You block the tengu reaver's attack.
You slash the tengu reaver!
The tengu reaver is heavily wounded.
You block the tengu reaver's attack. x3
You barely miss the tengu reaver.
The tengu reaver is heavily wounded.
You hear a shout!
The tengu reaver hits you with a +2 glaive!
You block the tengu reaver's attack. x2
You hit the tengu reaver but do no damage.
The tengu reaver is heavily wounded.
The tengu reaver points at you and mumbles some strange words.
The bolt of acid hits you!!
* * * LOW HITPOINT WARNING * * *
The acid corrodes you!
You slice the tengu reaver!!
The tengu reaver is almost dead.
You hear a deafening roar!
You hit the tengu reaver.
The tengu reaver is almost dead.
You hear a deafening roar!
The tengu reaver casts a spell at you. The bolt of poison hits you! You resist.
* * * LOW HITPOINT WARNING * * *
You hear a shout!
You closely miss the tengu reaver.
The tengu reaver is almost dead.
The tengu reaver casts a spell at you. The bolt of acid hits you!!!
You die...

#.#.###)###...P.PPP.PPP
#.#.#.(.# ###)..P.Q.P
#.#..<#######†P.P.PPP
#.............P.......
#..####.####..P{.....P
#..# #§# #.{{### #..#
#§## #..#{##
#..#########.{##Q#
##..☼§#8#§○°..#@##
#.#########..### #.#
##§## #..# #.# #☼# #..#
#.####○####..
#......[... #####......
#####


You could see a tengu reaver.

Vanquished Creatures
  Nikola (Spider:1)
  A tentacled starspawn (Abyss:4)
  2 krakens
  2 tengu reavers
  Agnes (Spider:1)
  The ghost of Todgh the Fighter, an adept GrFi of Ashenzari (Shoals:1)
  Ilsuiw (Shoals:3)
  A frost giant (Shoals:3)
  3 orc warlords
  6 ghost moths
  3 emperor scorpions
  2 vampire knights (Depths:1)
  A stone giant (Depths:1)
  2 starcursed masses
  A deep elf annihilator (D:13)
  2 entropy weavers
  4 spark wasps
  7 merfolk javelineers
  2 blizzard demons
  A fire dragon (D:15)
  Snorg (D:14)
  An ettin (Orc:1)
  9 merfolk impalers
  7 hydras
  5 vault guards (D:13)
  A great orb of eyes (Depths:1)
  4 boulder beetles
  A ghost crab (Spider:3)
  5 merfolk avatars
  An alligator snapping turtle (Shoals:4)
  An ogre mage (D:15)
  2 ice dragons
  5 merfolk aquamancers
  2 centaur warriors
  13 two-headed ogres
  A satyr (Shoals:3)
  A deep troll shaman (Depths:2)
  6 death yaks (Lair:5)
  4 tengu warriors
  3 thrashing horrors
  2 deep troll earth magi (Depths:2)
  2 orc high priests (Orc:2)
  A vampire mage (Depths:2)
  A deep elf knight (D:13)
  3 wretched stars
  3 skeletal warriors (D:14)
  12 sea snakes
  An anaconda zombie (Abyss:2)
  4 wizards
  2 phantasmal warriors (Depths:1)
  An orc knight (D:14)
  A harpy (shapeshifter) (Lair:6)
  4 harpies (Shoals:4)
  27 orb spiders
  2 deep elf zephyrmancers (D:13)
  10 cyclopes
  15 manticores
  4 deep elf pyromancers (D:13)
  3 orc sorcerers
  7 ugly things
  27 wolf spiders
  A will-o-the-wisp (Abyss:2)
  7 fauns
  3 moths of wrath
  8 merfolk sirens
  A guardian serpent (shapeshifter) (D:15)
  An apocalypse crab (Abyss:2)
  9 water nymphs
  2 black mambas
  3 torpor snails
  2 gargoyles
  Maggie (D:8)
  10 cane toads
  7 kobold demonologists (D:13)
  2 unseen horrors (D:12)
  3 rime drakes
  An efreet (Abyss:4)
  6 komodo dragons
  16 demonic crawlers
  8 tengu conjurers
  43 merfolk
  2 ancient zymes
  A queen bee (shapeshifter) (D:13)
  6 trolls
  6 tyrant leeches (Spider:3)
  5 hornets
  9 polar bears
  22 jumping spiders
  5 wind drakes
  13 slime creatures
  22 blink frogs
  7 snapping turtles
  17 dream sheep
  2 vampires
  4 ynoxinuls
  47 redbacks
  17 yaks
  26 tarantellas
  5 wyverns
  12 water elementals
  2 wraiths
  A shadow (D:12)
  2 neqoxecs (Abyss:2)
  A human (D:13)
  A basilisk (Lair:6)
  2 steam dragons (D:7)
  3 chaos spawn (Lair:6)
  11 vampire mosquitoes
  Grum (D:11)
  4 acid dragons
  5 wargs
  A water moccasin (shapeshifter) (Lair:6)
  Edmund (D:5)
  16 water moccasins
  5 large abominations
  13 small abominations
  10 black bears
  41 orc warriors
  An ice beast (D:7)
  2 sky beasts (D:6)
  7 ogres
  2 necrophages (D:6)
  22 wolves
  9 centaurs
  4 kobold brigands
  13 bullfrogs
  A gnoll sergeant (D:5)
  2 scorpions
  A wyvern skeleton (D:7)
  2 water moccasin skeletons
  4 killer bees (D:10)
  4 howler monkeys
  6 electric eels
  A centaur zombie (D:8)
  2 quasits
  A bullfrog zombie (D:5)
  6 hounds
  24 orc priests
  3 centaur skeletons
  2 gnoll shamans
  An iguana (D:6)
  Ijyb (D:3)
  26 orc wizards
  A killer bee zombie (D:7)
  A howler monkey zombie (D:8)
  30 gnolls
  3 adders
  A howler monkey skeleton (D:7)
  A shadow imp (D:8)
  An ufetubus (Abyss:4)
  A worm (D:3)
  A dart slug (D:1)
  97 orcs
  5 endoplasms
  3 giant cockroaches
  5 goblins
  16 hobgoblins
  3 jackals (D:5)
  31 kobolds
  A quokka (D:2)
  7 ball pythons
  6 bats
  3 frilled lizards
  3 rats
  A butterfly (Lair:2)
  2 tentacles (Shoals:3)
1101 creatures vanquished.

Vanquished Creatures (collateral kills)
  Arachne (Spider:4)
  An orb spider (Spider:4)
  A troll (Orc:2)
  2 orc warriors (Orc:2)
  An ogre (Orc:2)
  2 orc priests (Orc:2)
  9 orcs (Orc:2)
17 creatures vanquished.

Vanquished Creatures (others)
  A manticore (Shoals:1)
  A tormentor (Abyss:2)
  An orc wizard (D:10)
  2 kobolds (D:9)
  13 bushes (Depths:1)
  31 fungi
  91 plants
  4 starspawn tentacles
  14 tentacles
158 creatures vanquished.

Grand Total: 1276 creatures vanquished

Notes
Turn   | Place    | Note
-------+----------+-------------------------------------------
     0 | D:1      | mandarbmax the Formicid Fighter began the quest for the
                  | Orb.
     0 | D:1      | Reached XP level 1. HP: 18/18 MP: 1/1
    35 | D:1      | Reached XP level 2. HP: 15/24 MP: 2/2
   408 | D:1      | Found a faded altar of an unknown god.
   447 | D:1      | Reached skill level 3 in Axes
   447 | D:1      | Reached XP level 3. HP: 29/29 MP: 3/3
  1389 | D:3      | Reached XP level 4. HP: 34/35 MP: 4/4
  1782 | D:3      | Reached skill level 4 in Axes
  1938 | D:3      | Reached XP level 5. HP: 38/41 MP: 5/5
  1995 | D:3      | Reached skill level 5 in Axes
  2136 | D:3      | Noticed Ijyb
  2148 | D:3      | Killed Ijyb
  2401 | D:4      | Reached XP level 6. HP: 30/47 MP: 6/6
  2787 | D:4      | Reached skill level 6 in Axes
  3193 | D:4      | Identified the amulet of Vehumet's Inspiration {Spirit
                  | rCorr}
  3257 | D:5      | Entered Level 5 of the Dungeon
  3260 | D:5      | Noticed a water moccasin
  3321 | D:5      | Killed a water moccasin
  3322 | D:5      | Reached XP level 7. HP: 18/53 MP: 2/7
  3669 | D:5      | Found Yblez's General Store.
  3710 | D:5      | Noticed Edmund
  3712 | D:5      | Identified 2 scrolls of acquirement
  3712 | D:5      | Acquired the ring of Lituid {rPois rC+ rN+ Will- Dex+6}
  3718 | D:5      | Killed Edmund
  3719 | D:5      | Reached skill level 7 in Axes
  3976 | D:5      | Acquired a +2 tower shield of reflection
  3998 | D:5      | Reached XP level 8. HP: 57/60 MP: 6/8
  4073 | D:5      | Identified the +11 mace of Floral Integrity {freeze, rC-
                  | rN+++ Int+2}
  4159 | D:5      | Bought a +0 plate armour for 230 gold pieces
  4239 | D:5      | Identified the +4 short sword "Exif" {drain, Int-2 Dex+6
                  | SInv}
  4414 | D:5      | Reached skill level 8 in Axes
  4567 | D:6      | Reached skill level 5 in Shields
  4745 | D:6      | Reached skill level 5 in Armour
  4940 | D:6      | Reached XP level 9. HP: 65/65 MP: 9/9
  5239 | D:7      | Reached skill level 9 in Axes
  5589 | D:7      | Found a staircase to the Ecumenical Temple.
  5608 | Temple   | Entered the Ecumenical Temple
  5797 | Temple   | Became a worshipper of Qazlal Stormbringer
  5816 | D:7      | Noticed a two-headed ogre
  5820 | D:7      | You fall into a shaft and drop 3 floors!
  5820 | D:10     | Entered Level 10 of the Dungeon
  5873 | D:10     | Noticed a troll
  5886 | D:10     | Killed a troll
  6227 | D:10     | Reached XP level 10. HP: 71/71 MP: 10/10
  6286 | D:10     | Noticed a two-headed ogre
  6297 | D:10     | Killed a two-headed ogre
  6298 | D:10     | Reached skill level 10 in Axes
  6363 | D:10     | Found a flagged portal.
  6367 | Bailey   | Entered a bailey
  6522 | Bailey   | Reached * piety under Qazlal
  7051 | D:9      | Noticed a boulder beetle
  7052 | D:9      | Reached XP level 11. HP: 77/77 MP: 11/11
  7078 | D:9      | Killed a boulder beetle
  7079 | D:9      | Reached skill level 15 in Shields
  7093 | D:8      | Noticed a two-headed ogre
  7106 | D:8      | Killed a two-headed ogre
  7359 | D:8      | Noticed a two-headed ogre
  7374 | D:8      | Killed a two-headed ogre
  7632 | D:8      | Reached ** piety under Qazlal
  7974 | D:7      | Reached skill level 11 in Axes
  8178 | D:7      | Killed a two-headed ogre
  8530 | D:8      | Noticed Maggie
  8552 | D:8      | Killed Maggie
  8834 | D:8      | You fall into a shaft and drop 2 floors!
  8955 | D:10     | Reached skill level 10 in Armour
  8955 | D:10     | Reached XP level 12. HP: 79/83 MP: 12/12
  9929 | D:9      | Found a bloodstained altar of Trog.
  9932 | D:9      | Found a glowing silver altar of Zin.
  9937 | D:9      | Found a blossoming altar of Fedhas.
 10037 | D:9      | Found a sparkling altar of Nemelex Xobeh.
 10037 | D:9      | Found a transporter.
 10037 | D:9      | Noticed a boulder beetle
 10110 | D:11     | Found a portal to a secret trove of treasure.
 10135 | Trove    | Entered a treasure trove
 10159 | Trove    | Identified the +2 quarterstaff "Nuipt" {flame, Fragile
                  | +Blink Dex+5 Stlth-}
 10469 | D:11     | Noticed a seven-headed hydra
 10481 | D:10     | Killed a one-headed hydra
 10482 | D:10     | Reached skill level 1 in Invocations
 10763 | D:11     | Found a staircase to the Orcish Mines.
 10810 | D:11     | Found a staircase to the Lair.
 10811 | D:11     | Noticed Grum
 10824 | D:11     | Killed Grum
 10834 | D:11     | Reached skill level 12 in Axes
 11370 | Lair:1   | Entered Level 1 of the Lair of Beasts
 11439 | Lair:1   | Reached skill level 5 in Fighting
 11610 | Lair:1   | Reached skill level 5 in Invocations
 12782 | Lair:2   | Found a staircase to the Shoals.
 12941 | Lair:2   | Reached XP level 13. HP: 69/93 MP: 14/17
 14991 | Lair:4   | Noticed a four-headed hydra
 14997 | Lair:4   | Killed a one-headed hydra
 15820 | Lair:4   | Found a hole to the Spider Nest.
 16231 | Lair:5   | Reached skill level 10 in Invocations
 16319 | Lair:5   | Noticed a six-headed hydra
 16344 | Lair:5   | Killed a two-headed hydra
 16506 | Lair:5   | You fall into a shaft and drop 1 floor!
 16506 | Lair:6   | Entered Level 6 of the Lair of Beasts
 16838 | Lair:6   | Found a staircase to the Slime Pits.
 16838 | Lair:6   | Found a viscous altar of Jiyva.
 16900 | Lair:5   | Reached *** piety under Qazlal
 17066 | Lair:5   | Reached XP level 14. HP: 85/105 MP: 17/22
 18189 | Lair:6   | Reached skill level 10 in Fighting
 18233 | Lair:6   | Reached **** piety under Qazlal
 18632 | Lair:6   | Found a corrupted altar of Lugonu.
 18632 | Lair:6   | Found a one-way gate to the infinite horrors of the Abyss.
 19450 | Orc:1    | Entered Level 1 of the Orcish Mines
 19560 | Orc:2    | Entered Level 2 of the Orcish Mines
 19954 | Orc:1    | Noticed an orc warlord
 19983 | Orc:1    | You fall into a shaft and drop 1 floor!
 20001 | Orc:2    | Found a runed translucent gate.
 20185 | Orc:2    | Found a runed translucent gate.
 20185 | Orc:2    | Found a runed translucent gate.
 20186 | Orc:2    | Found an opulent altar of Gozag.
 20236 | Orc:2    | Reached ***** piety under Qazlal
 20502 | Orc:2    | Noticed an orc warlord
 20515 | Orc:2    | Killed an orc warlord
 20516 | Orc:2    | Reached XP level 15. HP: 97/123 MP: 24/24
 20740 | Orc:2    | Noticed an orc warlord
 20768 | Orc:2    | Killed an orc warlord
 21039 | Orc:1    | Killed an orc warlord
 21040 | Orc:1    | Reached skill level 1 in Evocations
 21457 | Orc:2    | Found Jesk's Weapon Shop.
 21587 | Orc:2    | Found Humie's Assorted Antiques.
 21588 | Orc:2    | Noticed gregwegmann's ghost (journeyman MiFi)
 21623 | Orc:2    | Found Siuxof's Antique Weapon Shoppe.
 21654 | Orc:2    | Found Jiuner's Antique Armour Emporium.
 21817 | Orc:2    | Found a staircase to the Elven Halls.
 21919 | Orc:2    | Found Tirell's Weapon Emporium.
 22008 | Orc:2    | Found Rakurchigh's Antique Weapon Shoppe.
 22065 | Orc:2    | Bought a distressingly furry plate armour for 1120 gold
                  | pieces
 22065 | Orc:2    | Identified the +0 plate armour of Refuge {Harm *Corrode
                  | Regen+ Int+2 Dex+2} (You bought it in a shop on level 2 of
                  | the Orcish Mines)
 22722 | D:13     | Reached skill level 5 in Evocations
 22767 | D:13     | Found a sacrificial altar of Ru.
 22843 | D:13     | Reached ****** piety under Qazlal
 22844 | D:13     | Reached skill level 1 in Dodging
 23214 | D:13     | Got the Disquisition on Shape Shifting
 23223 | D:13     | Found a shimmering blue altar of Sif Muna.
 23239 | D:13     | Got the Collected Works on Creative Intoxication
 23306 | D:13     | Noticed a tengu reaver
 23330 | D:13     | You fall into a shaft and drop 1 floor!
 23341 | D:14     | Noticed Snorg
 23342 | D:14     | You fall into a shaft and drop 1 floor!
 23342 | D:15     | Entered Level 15 of the Dungeon
 23414 | D:15     | Reached skill level 5 in Dodging
 23414 | D:15     | Reached XP level 16. HP: 130/133 MP: 25/25
 23455 | D:15     | Found Oxutulio's Jewellery Shop.
 23458 | D:15     | Found Boos's Armour Shop.
 23481 | D:15     | Found Iwkuun Fuig's Magic Scroll Shop.
 23557 | D:15     | Found Keil's CLEARANCE SALE!.
 23647 | D:15     | Found a staircase to the Depths.
 23709 | D:15     | Found Taizathro's Distillery.
 23948 | D:15     | Bought a scroll of enchant armour for 135 gold pieces
 23962 | D:15     | Bought a +1 pair of gloves of archery for 198 gold pieces
 24010 | D:15     | Bought a potion of might for 80 gold pieces
 24048 | D:15     | Bought a scroll of holy word for 135 gold pieces
 24066 | D:14     | Found a shadowy altar of Dithmenos.
 24150 | D:14     | Reached skill level 10 in Evocations
 24161 | D:14     | Killed Snorg
 24503 | D:14     | Found a white marble altar of Elyvilon.
 24503 | D:14     | Found a glowing golden altar of the Shining One.
 24504 | D:14     | Found a glowing silver altar of Zin.
 24574 | D:13     | Found Ifufe's Assorted Antiques.
 24668 | D:13     | Found a gate to the Vaults.
 24936 | D:13     | Killed a tengu reaver
 25014 | D:13     | Got the Disquisition on Shifting Confrontation
 25016 | D:13     | Got the Guide on the Blaze and the Rocks
 25032 | D:13     | Got Sif Muna's Catalogue of the Excruciating Volcanoes
 25251 | Spider:1 | Entered Level 1 of the Spider Nest
 25258 | Spider:1 | Noticed Agnes
 25285 | Spider:1 | Killed Agnes
 25291 | Spider:1 | Reached skill level 13 in Axes
 25375 | Spider:1 | Noticed Nikola
 25383 | Spider:1 | Killed Nikola
 25678 | Spider:1 | Identified the +3 short sword "Orb Guardian's Doom"
                  | {vorpal, Int+6}
 25680 | Spider:1 | Identified the +7 chain mail of Duty {Will+}
 25685 | Spider:1 | Identified the +11 dagger of Turmoil {venom, Str+3}
 25698 | Spider:1 | Identified the +9 quarterstaff of the Crypt {freeze, Drain
                  | Str+5}
 26323 | Spider:2 | Reached XP level 17. HP: 127/139 MP: 26/26
 27005 | Spider:2 | Reached skill level 15 in Armour
 27081 | Spider:2 | Reached skill level 14 in Axes
 28089 | Spider:3 | Reached skill level 15 in Axes
 29229 | Spider:4 | Entered Level 4 of the Spider Nest
 29639 | Spider:3 | Reached skill level 15 in Fighting
 30242 | Spider:4 | Reached XP level 18. HP: 134/149 MP: 28/28
 30680 | Spider:4 | Noticed Arachne
 30700 | Spider:4 | Killed Arachne
 31004 | Spider:4 | Reached skill level 15 in Invocations
 31216 | Spider:4 | Got a gossamer rune of Zot
 31383 | Shoals:1 | Entered Level 1 of the Shoals
 31691 | Shoals:1 | Found Vogus's General Store.
 31938 | Shoals:1 | Noticed a kraken
 31972 | Shoals:1 | Killed a kraken
 32057 | Shoals:1 | Found a runed translucent gate.
 32058 | Shoals:1 | Found a runed translucent gate.
 32058 | Shoals:1 | Identified the +7 plate armour "Dagrauf" {Int+3}
 32058 | Shoals:1 | Identified the ring of Ydekeux {rElec Str+6 SInv}
 32059 | Shoals:1 | Found a runed translucent gate.
 32060 | Shoals:1 | Noticed Todgh's ghost (adept GrFi)
 32099 | Shoals:1 | Identified the +6 hand crossbow "Grim" {elec, rPois}
 32444 | Shoals:1 | Killed Todgh's ghost
 33742 | Shoals:3 | Reached XP level 19. HP: 58/157 MP: 25/31
 33772 | Shoals:3 | Reached skill level 16 in Axes
 34389 | Shoals:3 | Noticed Ilsuiw
 34429 | Shoals:3 | Killed Ilsuiw
 34743 | Shoals:4 | Entered Level 4 of the Shoals
 35220 | Shoals:4 | Reached skill level 17 in Axes
 37137 | Shoals:4 | Got a barnacled rune of Zot
 37456 | Depths:1 | Entered Level 1 of the Depths
 37473 | Depths:1 | You fall into a shaft and drop 1 floor!
 37481 | Depths:2 | Found a gateway to Hell.
 37564 | Depths:1 | Found an opulent altar of Gozag.
 37582 | Depths:1 | Cast into level 2 of the Abyss (a wizard)
 37695 | Abyss:2  | Noticed a bone dragon
 37752 | Abyss:3  | Gained mutation: Armour fits poorly on your strangely
                  | shaped body. [a neqoxec]
 37886 | Depths:1 | Escaped the Abyss
 37891 | Depths:1 | Reached skill level 18 in Axes
 37907 | Depths:1 | Reached XP level 20. HP: 50/164 MP: 32/32
 38270 | Depths:1 | Noticed Sojobo
 38336 | Depths:1 | Killed from afar by a tengu reaver

Illustrated notes

Levels and vault maps discovered:
D:1:      ncdulo_watergridlock, layout_rooms, serial_glass, glass_columns_b,
          glass_columns_a, hellmonk_ecumenical_altar_arch_garden
D:2:      layout_basic
D:3:      layout_basic, uniq_ijyb
D:4:      layout_basic
D:5:      layout_cave_pools, serial_gnoll_camp, gnoll_camp_mini_doghouse,
          gnoll_camp_mini_shop, gnoll_camp_mini_hut, gnoll_camp_mini_house,
          gnoll_camp_mini_doghouse, uniq_edmund
D:6:      layout_gridville, serial_bayou_pond_d, palyth_stone_intersect
D:7:      layout_loops_ring, minmay_temple_entry_large_hall
D:8:      layout_basic, uniq_maggie
D:9:      layout_cave_pools, grunt_nemelex_the_gamble,
          grunt_temple_overflow_diamond, feat_on_display
D:10:     layout_basic, enter_bailey_1, kennysheep_generic_room_6
D:11:     layout_loops_ring, erik_lair_orcish_takeover, orc_0_dummy,
          nicolae_trove_entry_free_sample, uniq_grum
D:12:     layout_long_grid
D:13:     evilmike_library_of_no_secrets, layout_rooms,
          grunt_vaults_entry_fortified, serial_shops,
          nicolae_shop_overgrown_old_shop, serial_glass, glass_columns_a,
          glass_columns_b, nicolae_ru_sacrificial_ziggurat
D:14:     layout_big_octagon, good_gods_temple_1, grunt_dithmenos_smoke,
          uniq_snorg
D:15:     grunt_enter_depths_hoard, layout_rooms, serial_shops,
          nicolae_square_shop, nicolae_shop_waterfront, shop_statue, shop,
          grunt_decor_one_mirror, nicolae_shop_clearance
Temple:   regret_index_temple_mists
Lair:1:   layout_chaotic_city, beast_lair_carwin_5, lemuel_fruit_fields,
          infiniplex_staircase_pool_2, lemuel_fruit_tree, grunt_megastairs_3
Lair:2:   beast_lair_carwin_large_1, layout_cellular_growth, shoals_dummy_entry,
          nicolae_quartered_pool_super, lemuel_fruit_fields,
          infiniplex_staircase_pool, serial_bayou_shore_b
Lair:3:   layout_hall_layers, serial_bayou, serial_bayou_lagoon_a,
          serial_bayou_pond_b, serial_bayou_lake_a, serial_bayou_pond_b
Lair:4:   layout_layer_cave, spider_nest_entry_funnel_web, grunt_megastairs_4
Lair:5:   layout_long_grid
Lair:6:   hellmonk_lair_end_abyssal_woods, layout_regular_city, slime_altar_1
Shoals:1: layout_shoals, serial_shops, nicolae_shop_crystal,
          gammafunk_ghost_split
Shoals:2: layout_shoals
Shoals:3: layout_shoals, uniq_ilsuiw
Shoals:4: shoals_end_grunt_ice, layout_shoals, shoals_ilsuiw_alternative
Spider:1: nicolae_spider_mines_3, nicolae_spider_webs_and_nodes,
          nicolae_spider_twisty_arc_passages, uniq_agnes, uniq_nikola
Spider:2: layout_spider_delve
Spider:3: layout_spider_delve, nicolae_spider_swamp_cousins
Spider:4: grunt_spider_rune_island, uniq_arachne
Orc:1:    layout_caves
Orc:2:    grunt_orc_community_town_hall, layout_diamond_mine,
          grunt_orc_community_big_house_2, grunt_orc_community_big_house_1,
          grunt_orc_community_house_1, grunt_orc_community_house_2,
          grunt_orc_community_house_1, grunt_orc_community_house_1,
          ebering_ghost_gozag, serial_shops, shop, basic_altar
Depths:1: layout_basic, nicolae_gozag_cash_rules_everything_around_me,
          grunt_hell_entry_dis_old, grunt_ministairs_13, minmay_hedge_maze,
          lemuel_flamethrower_2, uniq_sojobo
Depths:2: hangedman_stitches_corridor, layout_basic,
          nicolae_hepliaklqana_hazy_memory, rand_demon_pan_entry_7, hell_entry,
          nrook_mini_vaults

Skill      XL: |  1  2  3  4  5  6  7  8  9 10 11 12 13 14 15 16 17 18 19 20 |
---------------+-------------------------------------------------------------+-----
Shields        | 4 6 8 14 15 16 17 | 17.1
Axes           | 3 4 5 6 7 8 9 10 11 12 13 15 18 | 18.0
Fighting       | 4 5 8 13 14 15 16 | 16.0
Armour         | 4 5 7 8 10 11 12 13 14 15 | 15.0
Invocations    | 6 11 12 13 17 | 17.0
Evocations     | 8 10 | 10.0
Dodging        | 5 6 |  6.0

Action                   |  1- 3 |  4- 6 |  7- 9 | 10-12 | 13-15 | 16-18 | 19-21 || total
-------------------------+-------+-------+-------+-------+-------+-------+-------++-------
Melee: War axe           |    99 |   115 |   247 |   335 |       |       |       ||   796
       Broad axe         |       |       |       |   228 |  1147 |  1386 |   512 ||  3273
       Battleaxe         |       |       |       |       |       |       |    16 ||    16
Throw: Dart              |       |       |    48 |    58 |    28 |       |     5 ||   139
Invok: Disaster Area     |       |       |       |       |       |     2 |     2 ||     4
       Elemental Force   |       |       |       |       |       |     2 |       ||     2
       Upheaval          |       |       |       |       |       |     4 |     2 ||     6
 Abil: Dig               |       |     4 |     6 |     8 |    37 |    16 |    13 ||    84
       Shaft Self        |       |       |     1 |       |     4 |       |       ||     5
Evoke: Wand              |       |       |       |     6 |       |    10 |       ||    16
       Box of beasts     |       |       |       |       |     1 |     1 |       ||     2
  Use: Potion            |       |     5 |     5 |     3 |     1 |     4 |    10 ||    28
       Scroll            |       |     4 |    10 |     7 |     6 |     2 |     4 ||    33
 Stab: Invisible         |       |       |       |     1 |       |       |       ||     1
       Distracted        |       |       |       |       |     1 |     1 |       ||     2
       Paralysed         |       |       |       |       |       |     1 |       ||     1
Armor: Scale mail        |    60 |    31 |    14 |       |       |       |       ||   105
       Plate armour      |       |       |    78 |   106 |   154 |    61 |   108 ||   507
       Skin              |       |       |    18 |     2 |       |       |       ||    20
       Chain mail        |       |       |       |       |       |   207 |       ||   207
Dodge: Dodged            |    62 |    41 |    39 |   122 |   140 |   333 |   110 ||   847
       Repelled          |       |       |       |       |     1 |     3 |     2 ||     6
Block: Buckler           |    22 |    22 |     5 |       |       |       |       ||    49
       Tower shield      |       |       |   211 |   572 |  1125 |  1984 |   643 ||  4535
       Reflection        |       |       |     2 |    19 |    17 |    54 |    47 ||   139

Table legend: (Time is in decaauts)
 A = Elapsed time spent in this place.
 B = Non-inter-level travel time spent in this place.
 C = Inter-level travel time spent in this place.
 D = Time resting spent in this place.
 E = Time spent auto-exploring this place.
 F = Levels seen in this place.
 G = Mean time per level.
                   A        B        C        D        E       F      G
               +--------+--------+--------+--------+--------+-----+--------+
         Total |  38779 |  36467 |   2312 |   5452 |  22140 |  39 |  994.3 |
       Dungeon |  13804 |  12721 |   1083 |   1311 |   8234 |  15 |  920.3 |
        Temple |    272 |    210 |     62 |      0 |    185 |   1 |  272.0 |
          Lair |   8269 |   7752 |    517 |    684 |   5816 |   6 | 1378.2 |
        Shoals |   6147 |   5851 |    296 |   1749 |   2711 |   4 | 1536.8 |
   Spider Nest |   6016 |   5807 |    209 |   1029 |   3537 |   4 | 1504.0 |
  Orcish Mines |   2730 |   2587 |    143 |    150 |   1459 |   2 | 1365.0 |
        Depths |    552 |    552 |      0 |    316 |     41 |   2 |  276.0 |
         Abyss |    285 |    285 |      0 |      9 |      0 |   3 |   95.0 |
         Trove |     27 |     27 |      0 |      0 |      0 |   1 |   27.0 |
        Bailey |    672 |    672 |      0 |    202 |    156 |   1 |  672.0 |
               +--------+--------+--------+--------+--------+-----+--------+

Top non-repeatable levels by time:
Shoals:3: 2306 daAuts
  Lair:6: 2037 daAuts
Spider:3: 1987 daAuts
   Orc:2: 1782 daAuts
Spider:2: 1740 daAuts
     D:8: 1584 daAuts
Shoals:4: 1542 daAuts
  Lair:2: 1462 daAuts
  Lair:4: 1357 daAuts
Shoals:1: 1320 daAuts
  Lair:5: 1312 daAuts
Spider:4: 1257 daAuts
    D:13: 1231 daAuts
     D:5: 1228 daAuts
    D:10: 1210 daAuts
